 Dungeon Crawl Stone Soup version 0.31-a0-574-g69dc8cc98e (webtiles) character file.

Game seed: 5136135442766292975

92 subawu the Conjurer (level 4, 0/33 HPs)
             Began as a Draconian Conjurer on Aug 18, 2023.
             Slain by an orc
             ... wielding a +0 dagger
              (1 damage)
             ... on level 3 of the Dungeon.
             The game lasted 00:13:42 (2827 turns).

subawu the Conjurer (Draconian Conjurer)            Turns: 2827, Time: 00:13:42

Health: 0/33       AC:  8    Str: 12    XL:     4   Next: 35%
Magic:  7/8        EV: 12    Int: 18    God:
Gold:   142        SH:  0    Dex:  9    Spells: 7/8 levels left

rFire   + . .        v - +0 quarterstaff
rCold   . . .        (shield currently unavailable)
rNeg    . . .        (body armour unavailable)
rPois   +            k - +2 hat
rElec   .            b - +0 cloak
rCorr   .            (no gloves)
SInv    .            (no boots)
Will    .....        (no amulet)
Stlth   +            g - ring of protection from fire
HPRegen 0.25/turn    u - ring of poison resistance
MPRegen 0.11/turn

%: no passive effects
@: confused
A: AC +5, unfitting armour, cold-blooded
a: no special abilities


You were on level 3 of the Dungeon.
You visited 1 branch of the dungeon, and saw 3 of its levels.

You collected 142 gold pieces.

Inventory:

Hand Weapons
 d - a +0 dagger
 f - a +0 mace
 p - a +0 short sword
 q - a +0 sling
 t - a +0 hand axe
 v - a +0 quarterstaff (weapon)
Missiles
 c - 25 stones
Armour
 b - a +0 cloak (worn)
 k - a +2 hat (worn)
Magical Staves
 w - a staff of death
Jewellery
 g - a ring of protection from fire (left hand)
 u - a ring of poison resistance (right hand)
Scrolls
 e - a scroll of identify
 m - a scroll of poison {unknown}
Potions
 a - a potion of magic
 h - a potion of might {unknown}
 i - a potion of cancellation
 j - 3 potions of attraction {unknown}
 l - a potion of resistance {unknown}
 n - a potion of berserk rage {unknown}
 o - 2 potions of heal wounds {unknown}


   Skills:
 + Level 2.6 Dodging
 + Level 2.7 Stealth
 + Level 2.7 Spellcasting
 + Level 4.5 Conjurations


You had 7 spell levels left.
You knew the following spells:

 Your Spells              Type           Power      Damage    Failure   Level
a - Magic Dart            Conj           72%        1d6       2%          1

Your spell library contained the following spells:

 Spells                   Type           Power      Damage    Failure   Level
 Searing Ray              Conj           36%        2d5       4%          2
 Slow                     Hex            8%         N/A       17%         1
 Dazzling Flash           Conj/Hex       20%        N/A       21%         3
 Confusing Touch          Hex            2%         N/A       45%         3
 Vampiric Draining        Necr           2%         2d6       45%         3
 Fulminant Prism          Conj/Hex       5%         3d6       54%         4
 Iskenderun's Mystic Bla  Conj/Tloc      10%        2d4       54%         4


Dungeon Overview and Level Annotations

Branches:
Dungeon (3/15)

Altars:

Shops:
D:1 =

Annotations:
D:3 Sigmund


Innate Abilities, Weirdness & Mutations

Your plain brown scales are hard. (AC +5)
You cannot fit into any form of body armour.
You are cold-blooded and may be slowed by cold attacks.


Message History

The orc hits you with a +0 flail. The orc hits you but does no damage.
You miss the orc.
Your tail-slap misses the orc.
The orc is heavily wounded.
The quokka closely misses you.
You hear some strange, mumbled words.
A magic dart appears from out of thin air!
The magic dart hits you but does no damage.
The orc closely misses you. The orc hits you with a +4 short sword.
* * * LOW HITPOINT WARNING * * *
The orc closely misses you. The quokka bites you.
* * * LOW HITPOINT WARNING * * *
You sock the orc!
You kill the orc!
You hear some strange, mumbled words.
You are more confused.
The orc hits you with a +4 short sword.
* * * LOW HITPOINT WARNING * * *
The quokka bites you but does no damage.
The orc misses you.
You hear some strange, mumbled words.
Something tries to affect you, but you resist.
The orc misses you.
Unknown command.
You hit the orc.
The orc is moderately wounded.
The quokka closely misses you. The orc misses you.
Something hits you but does no damage. The orc misses you.
The orc hits you but does no damage.
The quokka bites you but does no damage.
You completely miss something. You tail-slap something.
The quokka closely misses you. The orc hits you with a +4 short sword.
* * * LOW HITPOINT WARNING * * *
Something hits you but does no damage. The orc hits you but does no damage.
Sigmund the Dreaded comes into view.
He is wielding a +0 scythe.
The orc closely misses you.
You completely miss something.
Sigmund shouts!
The quokka bites you but does no damage.
Something completely misses you. The orc hits you with a +0 dagger.
You die...

# #..................
# #.#########.#...#.#
# #.# #.#...#.# # #.#
#... #.#...#.# .#
#.###...###.#...#.##.#
... '...'.............
#.# #...#.#.#.........
#.###...#.#.#........#
.......+....{@o......
.###...#.#.#oro#.##.#
.......>.............
...........#.#.#.##.#
...#............... .
#.................
#................. #
#.....#@#.#.#.##.#
#.###.....#.#.#.#.# #


You could see Sigmund, 3 orcs and a quokka (pursuing).

Vanquished Creatures
  3 adders
  2 dart slugs (D:2)
  3 orcs (D:3)
  7 ball pythons
  4 bats
  7 endoplasms
  A giant cockroach (D:3)
  5 goblins
  9 hobgoblins
  2 quokkas
  3 frilled lizards
  5 kobolds
  A rat (D:2)
52 creatures vanquished.

Notes
Turn   | Place    | Note
-------+----------+-------------------------------------------
     0 | D:1      | subawu the Draconian Conjurer began the quest for the Orb.
     0 | D:1      | Reached XP level 1. HP: 14/14 MP: 3/3
   122 | D:1      | Found Haemeosm's Jewellery Boutique.
   137 | D:1      | Reached XP level 2. HP: 17/20 MP: 5/5
  1436 | D:2      | Reached XP level 3. HP: 13/26 MP: 6/6
  2361 | D:3      | Reached XP level 4. HP: 33/33 MP: 7/7
  2429 | D:3      | Noticed a scorpion
  2824 | D:3      | HP: 1/33 [orc/+4 short sword (3)]
  2826 | D:3      | Noticed Sigmund
  2827 | D:3      | Slain by an orc

Illustrated notes

Levels and vault maps discovered:
D:1:      dpeg_arrival_rhombi, layout_basic, serial_shops, shop,
          serial_bayou_lagoon_a, amcnicky_mini_corridor_feature
D:2:      layout_basic, minmay_pentomino_r2
D:3:      layout_basic, minmay_fractal_squares_gapless_5, uniq_sigmund

Skill      XL: |  1 |
---------------+----+-----
Stealth        | 2 |  2.7
Dodging        | 2 |  2.6
Spellcasting   | |  2.7
Conjurations   | |  4.5

Action                     |  1- 3 |  4- 6 || total
---------------------------+-------+-------++-------
  Melee: Dagger            |    10 |       ||    10
         Mace              |    99 |       ||    99
         Tailslap          |    16 |     3 ||    19
         Unarmed           |     3 |       ||     3
         Punch             |     2 |       ||     2
         Quarterstaff      |    37 |    27 ||    64
   Cast: Magic Dart        |     1 |     8 ||     9
    Use: Scroll            |     9 |     1 ||    10
   Stab: Sleeping          |     2 |     1 ||     3
 Armour: Skin              |   103 |    38 ||   141
  Dodge: Dodged            |   176 |    62 ||   238

Table legend: (Time is in decaauts)
 A = Elapsed time spent in this place.
 B = Non-inter-level travel time spent in this place.
 C = Inter-level travel time spent in this place.
 D = Time resting spent in this place.
 E = Time spent auto-exploring this place.
 F = Levels seen in this place.
 G = Mean time per level.
                   A        B        C        D        E       F      G
               +--------+--------+--------+--------+--------+-----+--------+
         Total |   2900 |   2495 |    405 |    353 |      0 |   3 |  966.7 |
       Dungeon |   2900 |   2495 |    405 |    353 |      0 |   3 |  966.7 |
               +--------+--------+--------+--------+--------+-----+--------+

Top non-repeatable levels by time:
     D:1: 1344 daAuts
     D:2: 1024 daAuts
     D:3: 531 daAuts
